2913 views
Uploaded 2019-12-30 22:29:33
Game version 1.32.0.4
30:15 long 4on4 ladder game on (8)TwilightRuins_LV
Saved by BEARAND
2913 views
Uploaded 2019-12-30 22:29:33
Game version 1.32.0.4
30:15 long 4on4 ladder game on (8)TwilightRuins_LV


114 units @ 11.9k
/ 1.4k
433 buildings @ 26.2k
/ 14.6k



| Staff of Sanctuary | 3 | 750 |
| Boots of Speed | 3 | 750 |
| Staff of Teleportation | 3 | 450 |
| Healing Salve | 1 | 100 |
| Orb of Lightning | 2 | 750 |
| Legion Doom-Horn | 1 | 500 |
| Potion of Invulnerability | 1 | 400 |
| total: | 14 | 3700g |
| Peasant | 21 | 1575 | / | 0 |
| Priest | 1 | 135 | / | 10 |
| Gryphon Rider | 7 | 1960 | / | 490 |
| total: | 29 | 3670g | / | 500w |
| Scout Tower | 107 | 3210 | / | 2140 |
| Arcane Tower | 7 | 490 | / | 350 |
| Guard Tower | 59 | 4130 | / | 2950 |
| Altar of Kings | 1 | 180 | / | 50 |
| Farm | 5 | 400 | / | 100 |
| Lumber Mill | 1 | 120 | / | 0 |
| Town Hall | 1 | 385 | / | 205 |
| Arcane Vault | 5 | 650 | / | 150 |
| Blacksmith | 1 | 140 | / | 60 |
| Barracks | 1 | 160 | / | 60 |
| Arcane Sanctum | 1 | 150 | / | 140 |
| Gryphon Aviary | 1 | 140 | / | 150 |
| Keep | 1 | 320 | / | 210 |
| Castle | 1 | 360 | / | 210 |
| total: | 124 | 5535g | / | 3055w |
| 0:01 | Peasant |
| 0:02 | Peasant |
| 0:07 | Altar of Kings |
| 0:15 | Farm |
| 0:17 | Peasant |
| 0:21 | Peasant |
| 0:24 | Scout Tower |
| 0:27 | Farm |
| 0:59 | Peasant |
| 0:59 | Peasant |
| 0:59 | Peasant |
| 1:04 | Peasant |
| 1:09 | Peasant |
| 1:16 | Lumber Mill |
| 1:21 | Scout Tower |
| 1:33 | Peasant |
| 1:34 | Arcane Tower |
| 1:36 | Peasant |
| 1:41 | Scout Tower |
| 1:42 | Peasant |
| 2:01 | Peasant |
| 2:04 | Blizzard |
| 2:28 | Guard Tower |
| 2:29 | Guard Tower |
| 2:30 | Scout Tower |
| 2:31 | Peasant |
| 2:31 | Peasant |
| 2:44 | Peasant |
| 2:47 | Improved Masonry |
| 3:15 | Peasant |
| 3:16 | Guard Tower |
| 3:17 | Scout Tower |
| 3:18 | Scout Tower |
| 3:21 | Brilliance Aura |
| 3:29 | Scout Tower |
| 3:29 | Scout Tower |
| 3:30 | Scout Tower |
| 4:03 | Boots of Speed |
| 4:03 | Staff of Teleportation |
| 4:11 | Guard Tower |
| 4:55 | Guard Tower |
| 4:56 | Keep |
| 5:04 | Farm |
| 5:05 | Farm |
| 5:32 | Healing Salve |
| 5:41 | Guard Tower |
| 5:42 | Scout Tower |
| 5:43 | Scout Tower |
| 5:45 | Scout Tower |
| 5:45 | Scout Tower |
| 5:46 | Scout Tower |
| 6:26 | Town Hall |
| 6:37 | Scout Tower |
| 6:38 | Scout Tower |
| 6:38 | Scout Tower |
| 6:39 | Scout Tower |
| 6:40 | Scout Tower |
| 6:40 | Scout Tower |
| 6:41 | Scout Tower |
| 6:41 | Scout Tower |
| 6:41 | Scout Tower |
| 6:42 | Scout Tower |
| 6:42 | Scout Tower |
| 6:43 | Scout Tower |
| 6:43 | Scout Tower |
| 6:44 | Scout Tower |
| 6:51 | Guard Tower |
| 6:53 | Guard Tower |
| 6:59 | Farm |
| 7:25 | Blizzard |
| 7:44 | Arcane Tower |
| 7:44 | Guard Tower |
| 7:54 | Guard Tower |
| 7:55 | Guard Tower |
| 8:02 | Guard Tower |
| 8:03 | Guard Tower |
| 8:15 | Guard Tower |
| 8:17 | Advanced Masonry |
| 8:21 | Scout Tower |
| 8:21 | Guard Tower |
| 8:38 | Storm Bolt |
| 8:41 | Guard Tower |
| 8:59 | Guard Tower |
| 8:59 | Peasant |
| 9:00 | Peasant |
| 9:00 | Peasant |
| 9:00 | Peasant |
| 9:09 | Guard Tower |
| 9:10 | Scout Tower |
| 9:36 | Castle |
| 9:51 | Guard Tower |
| 9:53 | Scout Tower |
| 9:54 | Scout Tower |
| 9:55 | Scout Tower |
| 9:56 | Scout Tower |
| 9:59 | Arcane Vault |
| 10:00 | Arcane Sanctum |
| 10:01 | Improved Lumber Harvesting |
| 10:16 | Scout Tower |
| 10:16 | Scout Tower |
| 10:17 | Scout Tower |
| 10:17 | Scout Tower |
| 10:50 | Arcane Tower |
| 10:51 | Guard Tower |
| 10:59 | Arcane Tower |
| 11:03 | Arcane Vault |
| 11:11 | Guard Tower |
| 11:15 | Scout Tower |
| 11:15 | Scout Tower |
| 11:16 | Scout Tower |
| 11:16 | Scout Tower |
| 11:17 | Scout Tower |
| 11:17 | Scout Tower |
| 11:18 | Scout Tower |
| 11:18 | Scout Tower |
| 11:19 | Scout Tower |
| 11:19 | Scout Tower |
| 11:42 | Guard Tower |
| 11:42 | Guard Tower |
| 11:52 | Boots of Speed |
| 11:52 | Staff of Teleportation |
| 12:08 | Bash |
| 12:12 | Magic Sentry |
| 12:13 | Priest |
| 12:13 | Priest Adept Training |
| 12:14 | Imbued Masonry |
| 12:42 | Staff of Sanctuary |
| 12:46 | Staff of Sanctuary |
| 12:56 | Arcane Vault |
| 13:00 | Guard Tower |
| 13:22 | Legion Doom-Horn |
| 13:27 | Guard Tower |
| 13:30 | Guard Tower |
| 13:35 | Scout Tower |
| 13:35 | Scout Tower |
| 13:36 | Scout Tower |
| 13:36 | Scout Tower |
| 13:37 | Scout Tower |
| 13:37 | Scout Tower |
| 13:39 | Holy Light |
| 13:46 | Scout Tower |
| 13:46 | Scout Tower |
| 13:48 | Scout Tower |
| 13:49 | Scout Tower |
| 13:49 | Scout Tower |
| 13:50 | Scout Tower |
| 13:50 | Scout Tower |
| 14:03 | Boots of Speed |
| 14:03 | Staff of Teleportation |
| 14:11 | Scout Tower |
| 14:12 | Scout Tower |
| 14:13 | Scout Tower |
| 14:14 | Scout Tower |
| 14:14 | Scout Tower |
| 14:15 | Scout Tower |
| 14:16 | Scout Tower |
| 14:16 | Scout Tower |
| 14:16 | Scout Tower |
| 14:18 | Scout Tower |
| 14:19 | Scout Tower |
| 14:19 | Scout Tower |
| 14:20 | Scout Tower |
| 14:44 | Orb of Lightning |
| 14:50 | Scout Tower |
| 14:51 | Scout Tower |
| 15:11 | Guard Tower |
| 15:15 | Guard Tower |
| 15:16 | Guard Tower |
| 15:19 | Guard Tower |
| 15:22 | Guard Tower |
| 15:23 | Guard Tower |
| 15:39 | Staff of Sanctuary |
| 15:42 | Guard Tower |
| 15:49 | Guard Tower |
| 15:57 | Gryphon Aviary |
| 16:01 | Guard Tower |
| 16:04 | Arcane Tower |
| 16:12 | Guard Tower |
| 16:13 | Scout Tower |
| 16:14 | Scout Tower |
| 16:16 | Guard Tower |
| 16:24 | Blacksmith |
| 16:29 | Guard Tower |
| 16:46 | Orb of Lightning |
| 16:49 | Guard Tower |
| 16:57 | Scout Tower |
| 16:58 | Scout Tower |
| 16:59 | Scout Tower |
| 16:59 | Scout Tower |
| 17:00 | Scout Tower |
| 17:00 | Scout Tower |
| 17:01 | Scout Tower |
| 17:01 | Scout Tower |
| 17:02 | Scout Tower |
| 17:02 | Scout Tower |
| 17:06 | Guard Tower |
| 18:31 | Guard Tower |
| 18:33 | Gryphon Rider |
| 18:34 | Gryphon Rider |
| 18:36 | Storm Hammers |
| 19:24 | Iron Forged Swords |
| 19:58 | Guard Tower |
| 19:58 | Guard Tower |
| 20:05 | Arcane Tower |
| 20:05 | Guard Tower |
| 20:06 | Guard Tower |
| 20:07 | Guard Tower |
| 20:16 | Arcane Vault |
| 20:17 | Arcane Vault |
| 20:31 | Brilliance Aura |
| 20:58 | Scout Tower |
| 20:59 | Scout Tower |
| 21:00 | Scout Tower |
| 21:01 | Scout Tower |
| 21:41 | Guard Tower |
| 21:57 | Potion of Invulnerability |
| 22:02 | Guard Tower |
| 22:05 | Scout Tower |
| 22:06 | Guard Tower |
| 22:11 | Guard Tower |
| 22:12 | Scout Tower |
| 22:13 | Scout Tower |
| 22:13 | Scout Tower |
| 22:13 | Scout Tower |
| 22:38 | Divine Shield |
| 22:46 | Storm Bolt |
| 23:32 | Gryphon Rider |
| 23:35 | Barracks |
| 23:37 | Steel Forged Swords |
| 24:12 | Guard Tower |
| 24:13 | Guard Tower |
| 24:16 | Scout Tower |
| 24:17 | Scout Tower |
| 24:17 | Scout Tower |
| 24:17 | Scout Tower |
| 24:18 | Scout Tower |
| 24:18 | Scout Tower |
| 24:19 | Scout Tower |
| 24:19 | Scout Tower |
| 24:19 | Scout Tower |
| 24:20 | Scout Tower |
| 24:26 | Gryphon Rider |
| 25:02 | Mithril Forged Swords |
| 26:01 | Gryphon Rider |
| 26:11 | Guard Tower |
| 26:52 | Studded Leather Armor |
| 26:54 | Gryphon Rider |
| 26:55 | Gryphon Rider |
| Right click | 2254 |
| Select group | 715 |
| Select | 683 |
| Chat | 199 |
| Build/train/purchase | 190 |
| Use ability | 185 |
| Misc. action | 39 |
| Assign group | 25 |
| Minimap ping | 13 |
| Item give/drop | 7 |
| Resource trade | 5 |
| Esc | 3 |
TIMG4STRok
(30:11) : 


| Orb of Venom | 2 | 650 |
| Staff of Teleportation | 3 | 450 |
| Boots of Speed | 3 | 750 |
| Orb of Lightning | 1 | 375 |
| Staff of Sanctuary | 3 | 750 |
| Helm of Valor | 1 | 500 |
| Pendant of Energy | 1 | 300 |
| Claws of Attack +12 | 1 | 500 |
| Legion Doom-Horn | 1 | 500 |
| total: | 16 | 4775g |
| Wisp | 36 | 2160 | / | 0 |
| total: | 36 | 2160g | / | 0w |
| Ancient Protector | 3 | 405 | / | 240 |
| Altar of Elders | 1 | 180 | / | 50 |
| Moon Well | 15 | 2700 | / | 600 |
| Tree of Life | 2 | 680 | / | 370 |
| Hunter's Hall | 1 | 210 | / | 100 |
| Ancient of Wonders | 1 | 90 | / | 30 |
| Tree of Ages | 1 | 320 | / | 180 |
| Tree of Eternity | 1 | 330 | / | 200 |
| total: | 23 | 4265g | / | 1390w |
| 0:03 | Wisp |
| 0:03 | Wisp |
| 0:05 | Altar of Elders |
| 0:14 | Moon Well |
| 0:18 | Wisp |
| 0:18 | Wisp |
| 0:26 | Wisp |
| 0:49 | Moon Well |
| 1:00 | Wisp |
| 1:14 | Wisp |
| 1:14 | Wisp |
| 1:30 | Wisp |
| 1:37 | Wisp |
| 1:58 | Wisp |
| 1:59 | Wisp |
| 2:03 | Entangling Roots |
| 2:13 | Wisp |
| 3:12 | Wisp |
| 3:12 | Wisp |
| 3:13 | Wisp |
| 3:13 | Wisp |
| 3:13 | Wisp |
| 3:44 | Wisp |
| 3:45 | Wisp |
| 3:51 | Moon Well |
| 4:50 | Thorns Aura |
| 4:53 | Tree of Ages |
| 5:05 | Moon Well |
| 5:10 | Moon Well |
| 6:32 | Tree of Life |
| 6:43 | Hunter's Hall |
| 6:48 | Moon Well |
| 6:49 | Moon Well |
| 7:16 | Tree of Eternity |
| 7:29 | Ancient of Wonders |
| 7:49 | Staff of Teleportation |
| 7:50 | Boots of Speed |
| 8:08 | Frost Arrows |
| 9:10 | Wisp |
| 9:10 | Wisp |
| 9:11 | Wisp |
| 9:11 | Wisp |
| 9:11 | Wisp |
| 9:55 | Well Spring |
| 9:56 | Ultravision |
| 10:18 | Silence |
| 10:23 | Wisp |
| 10:23 | Wisp |
| 10:23 | Wisp |
| 10:23 | Wisp |
| 10:33 | Entangling Roots |
| 11:14 | Mana Shield |
| 11:33 | Moon Well |
| 11:33 | Moon Well |
| 11:36 | Wisp |
| 11:37 | Wisp |
| 11:37 | Wisp |
| 12:07 | Moon Well |
| 12:08 | Moon Well |
| 12:17 | Staff of Teleportation |
| 12:18 | Boots of Speed |
| 12:52 | Orb of Venom |
| 13:22 | Boots of Speed |
| 13:35 | Moon Well |
| 13:36 | Moon Well |
| 13:39 | Life Drain |
| 14:05 | Orb of Venom |
| 14:11 | Orb of Lightning |
| 15:05 | Helm of Valor |
| 15:07 | Pendant of Energy |
| 15:13 | Claws of Attack +12 |
| 15:51 | Moon Well |
| 16:02 | Frost Arrows |
| 18:50 | Moon Well |
| 19:20 | Staff of Teleportation |
| 19:58 | Silence |
| 20:03 | Thorns Aura |
| 20:26 | Mana Shield |
| 21:01 | Staff of Sanctuary |
| 22:49 | Life Drain |
| 23:47 | Staff of Sanctuary |
| 24:02 | Legion Doom-Horn |
| 24:44 | Entangling Roots |
| 25:09 | Staff of Sanctuary |
| 25:17 | Nature's Blessing |
| 25:51 | Ancient Protector |
| 25:52 | Ancient Protector |
| 25:53 | Ancient Protector |
| 26:07 | Tree of Life |
| 29:34 | Silence |
| 29:54 | Wisp |
| 29:54 | Wisp |
| 29:55 | Wisp |
| 29:55 | Wisp |
| Right click | 1699 |
| Select group | 1070 |
| Select | 245 |
| Resource trade | 190 |
| Build/train/purchase | 89 |
| Use ability | 80 |
| Misc. action | 45 |
| Minimap ping | 16 |
| Item give/drop | 15 |
| Chat | 7 |
| Assign group | 5 |



| Scroll of Regeneration | 2 | 200 |
| Lesser Clarity Potion | 2 | 140 |
| Staff of Sanctuary | 2 | 500 |
| Scroll of Town Portal | 2 | 700 |
| Boots of Speed | 3 | 750 |
| Staff of Teleportation | 3 | 450 |
| Periapt of Vitality | 3 | 975 |
| Orb of Lightning | 2 | 750 |
| Orb of Venom | 1 | 325 |
| total: | 20 | 4790g |
| Peasant | 17 | 1275 | / | 0 |
| Sorceress | 1 | 155 | / | 20 |
| Priest | 1 | 135 | / | 10 |
| Goblin Shredder | 5 | 1875 | / | 500 |
| Goblin Zeppelin | 1 | 240 | / | 60 |
| total: | 25 | 3680g | / | 590w |
| Scout Tower | 207 | 6210 | / | 4140 |
| Arcane Tower | 9 | 630 | / | 450 |
| Guard Tower | 34 | 2380 | / | 1700 |
| Altar of Kings | 1 | 180 | / | 50 |
| Farm | 5 | 400 | / | 100 |
| Lumber Mill | 1 | 120 | / | 0 |
| Arcane Vault | 2 | 260 | / | 60 |
| Town Hall | 1 | 385 | / | 205 |
| Arcane Sanctum | 1 | 150 | / | 140 |
| Keep | 1 | 320 | / | 210 |
| Castle | 1 | 360 | / | 210 |
| total: | 218 | 7705g | / | 4695w |
| 0:02 | Peasant |
| 0:02 | Peasant |
| 0:06 | Altar of Kings |
| 0:09 | Farm |
| 0:11 | Peasant |
| 0:20 | Peasant |
| 0:43 | Peasant |
| 0:46 | Scout Tower |
| 0:49 | Peasant |
| 0:51 | Lumber Mill |
| 0:59 | Farm |
| 1:02 | Peasant |
| 1:16 | Arcane Tower |
| 1:17 | Peasant |
| 1:26 | Scout Tower |
| 1:34 | Peasant |
| 1:38 | Peasant |
| 1:42 | Scout Tower |
| 1:43 | Scout Tower |
| 1:43 | Scout Tower |
| 1:47 | Scout Tower |
| 1:49 | Scout Tower |
| 1:50 | Scout Tower |
| 1:51 | Scout Tower |
| 1:52 | Peasant |
| 1:52 | Peasant |
| 1:57 | Guard Tower |
| 2:03 | Scout Tower |
| 2:07 | Flame Strike |
| 2:37 | Guard Tower |
| 2:38 | Peasant |
| 2:38 | Peasant |
| 2:39 | Guard Tower |
| 2:46 | Scout Tower |
| 2:46 | Scout Tower |
| 2:47 | Scout Tower |
| 2:48 | Scout Tower |
| 2:54 | Arcane Vault |
| 2:56 | Arcane Vault |
| 3:03 | Peasant |
| 3:11 | Guard Tower |
| 3:13 | Scout Tower |
| 3:14 | Scout Tower |
| 3:15 | Scout Tower |
| 3:15 | Scout Tower |
| 3:16 | Scout Tower |
| 3:17 | Scout Tower |
| 3:41 | Siphon Mana |
| 3:44 | Guard Tower |
| 3:46 | Scout Tower |
| 3:47 | Scout Tower |
| 3:47 | Scout Tower |
| 3:48 | Scout Tower |
| 3:49 | Scout Tower |
| 3:59 | Arcane Tower |
| 4:21 | Keep |
| 4:56 | Town Hall |
| 4:58 | Scout Tower |
| 4:59 | Scout Tower |
| 5:00 | Scout Tower |
| 5:00 | Scout Tower |
| 5:01 | Scout Tower |
| 5:02 | Scout Tower |
| 5:02 | Scout Tower |
| 5:03 | Scout Tower |
| 5:05 | Guard Tower |
| 5:10 | Guard Tower |
| 5:19 | Boots of Speed |
| 5:20 | Staff of Teleportation |
| 5:43 | Guard Tower |
| 6:30 | Guard Tower |
| 6:36 | Scout Tower |
| 6:37 | Scout Tower |
| 6:37 | Scout Tower |
| 6:38 | Scout Tower |
| 6:38 | Scout Tower |
| 6:41 | Peasant |
| 6:43 | Guard Tower |
| 7:01 | Goblin Shredder |
| 7:01 | Goblin Shredder |
| 7:09 | Flame Strike |
| 7:22 | Scout Tower |
| 7:23 | Scout Tower |
| 7:23 | Scout Tower |
| 7:24 | Scout Tower |
| 7:24 | Scout Tower |
| 7:25 | Scout Tower |
| 7:26 | Scout Tower |
| 7:26 | Scout Tower |
| 7:27 | Scout Tower |
| 7:27 | Scout Tower |
| 7:28 | Scout Tower |
| 7:29 | Scout Tower |
| 7:29 | Scout Tower |
| 7:30 | Scout Tower |
| 7:30 | Scout Tower |
| 7:31 | Scout Tower |
| 7:32 | Scout Tower |
| 7:33 | Scout Tower |
| 7:34 | Scout Tower |
| 7:34 | Scout Tower |
| 7:35 | Scout Tower |
| 7:35 | Scout Tower |
| 8:05 | Guard Tower |
| 8:08 | Scroll of Regeneration |
| 8:11 | Lesser Clarity Potion |
| 8:11 | Lesser Clarity Potion |
| 8:36 | Castle |
| 8:39 | Guard Tower |
| 8:45 | Guard Tower |
| 8:48 | Scout Tower |
| 8:48 | Scout Tower |
| 8:49 | Scout Tower |
| 8:49 | Scout Tower |
| 9:16 | Rain of Fire |
| 9:38 | Guard Tower |
| 9:41 | Improved Masonry |
| 9:42 | Improved Lumber Harvesting |
| 9:43 | Arcane Sanctum |
| 9:47 | Scout Tower |
| 9:47 | Scout Tower |
| 9:48 | Scout Tower |
| 9:49 | Scout Tower |
| 9:49 | Scout Tower |
| 9:50 | Scout Tower |
| 9:51 | Scout Tower |
| 9:51 | Scout Tower |
| 9:52 | Scout Tower |
| 9:52 | Scout Tower |
| 9:53 | Scout Tower |
| 9:53 | Scout Tower |
| 9:54 | Scout Tower |
| 9:54 | Scout Tower |
| 10:12 | Guard Tower |
| 10:58 | Guard Tower |
| 11:07 | Scout Tower |
| 11:08 | Scout Tower |
| 11:09 | Scout Tower |
| 11:09 | Scout Tower |
| 11:10 | Scout Tower |
| 11:10 | Scout Tower |
| 11:11 | Scout Tower |
| 11:11 | Scout Tower |
| 11:21 | Farm |
| 11:23 | Guard Tower |
| 11:37 | Farm |
| 11:52 | Goblin Zeppelin |
| 11:58 | Goblin Shredder |
| 12:22 | Cleaving Attack |
| 12:55 | Siphon Mana |
| 13:23 | Blizzard |
| 13:26 | Magic Sentry |
| 13:26 | Sorceress Adept Training |
| 13:27 | Priest Adept Training |
| 13:28 | Sorceress |
| 13:28 | Priest |
| 13:30 | Staff of Sanctuary |
| 13:31 | Scroll of Regeneration |
| 13:39 | Scout Tower |
| 13:40 | Scout Tower |
| 13:40 | Scout Tower |
| 13:41 | Scout Tower |
| 13:41 | Scout Tower |
| 13:42 | Scout Tower |
| 13:42 | Scout Tower |
| 13:43 | Scout Tower |
| 13:44 | Guard Tower |
| 13:46 | Guard Tower |
| 14:00 | Periapt of Vitality |
| 14:14 | Guard Tower |
| 14:30 | Scroll of Town Portal |
| 14:33 | Scroll of Town Portal |
| 14:46 | Peasant |
| 14:51 | Scout Tower |
| 14:51 | Scout Tower |
| 14:52 | Scout Tower |
| 14:52 | Scout Tower |
| 14:53 | Scout Tower |
| 14:54 | Scout Tower |
| 14:54 | Scout Tower |
| 14:55 | Scout Tower |
| 14:55 | Scout Tower |
| 14:56 | Scout Tower |
| 15:03 | Guard Tower |
| 15:20 | Guard Tower |
| 15:38 | Boots of Speed |
| 15:38 | Staff of Teleportation |
| 15:40 | Periapt of Vitality |
| 15:44 | Boots of Speed |
| 15:51 | Guard Tower |
| 15:53 | Guard Tower |
| 16:40 | Guard Tower |
| 16:49 | Scout Tower |
| 16:50 | Scout Tower |
| 16:51 | Scout Tower |
| 16:52 | Scout Tower |
| 16:52 | Scout Tower |
| 16:52 | Scout Tower |
| 16:53 | Scout Tower |
| 16:54 | Scout Tower |
| 16:56 | Scout Tower |
| 16:56 | Scout Tower |
| 16:57 | Scout Tower |
| 16:58 | Scout Tower |
| 16:59 | Scout Tower |
| 16:59 | Scout Tower |
| 17:00 | Scout Tower |
| 17:00 | Scout Tower |
| 17:01 | Scout Tower |
| 17:01 | Scout Tower |
| 17:02 | Scout Tower |
| 17:03 | Scout Tower |
| 17:03 | Scout Tower |
| 17:09 | Staff of Teleportation |
| 17:09 | Periapt of Vitality |
| 17:15 | Priest Master Training |
| 17:16 | Sorceress Master Training |
| 17:21 | Guard Tower |
| 17:23 | Scout Tower |
| 17:24 | Scout Tower |
| 17:24 | Scout Tower |
| 17:25 | Scout Tower |
| 17:26 | Scout Tower |
| 17:27 | Scout Tower |
| 17:27 | Scout Tower |
| 17:28 | Scout Tower |
| 17:28 | Scout Tower |
| 17:29 | Scout Tower |
| 17:29 | Scout Tower |
| 17:30 | Scout Tower |
| 17:33 | Scout Tower |
| 17:34 | Scout Tower |
| 17:34 | Scout Tower |
| 17:35 | Scout Tower |
| 17:48 | Staff of Sanctuary |
| 18:10 | Guard Tower |
| 18:13 | Guard Tower |
| 18:22 | Arcane Tower |
| 20:24 | Guard Tower |
| 20:43 | Rain of Fire |
| 20:47 | Brilliance Aura |
| 21:19 | Scout Tower |
| 21:20 | Scout Tower |
| 21:21 | Scout Tower |
| 21:22 | Scout Tower |
| 21:23 | Scout Tower |
| 21:24 | Scout Tower |
| 21:24 | Scout Tower |
| 21:39 | Scout Tower |
| 21:39 | Scout Tower |
| 21:40 | Scout Tower |
| 21:41 | Scout Tower |
| 21:41 | Scout Tower |
| 21:42 | Scout Tower |
| 21:43 | Scout Tower |
| 21:43 | Scout Tower |
| 22:05 | Farm |
| 22:08 | Arcane Tower |
| 22:09 | Scout Tower |
| 22:36 | Scout Tower |
| 22:37 | Scout Tower |
| 22:38 | Scout Tower |
| 22:38 | Scout Tower |
| 22:39 | Scout Tower |
| 22:39 | Scout Tower |
| 22:42 | Scout Tower |
| 22:42 | Scout Tower |
| 22:43 | Scout Tower |
| 22:43 | Scout Tower |
| 22:44 | Scout Tower |
| 22:45 | Scout Tower |
| 22:45 | Scout Tower |
| 22:46 | Scout Tower |
| 23:25 | Scout Tower |
| 23:26 | Scout Tower |
| 23:26 | Scout Tower |
| 23:27 | Scout Tower |
| 23:27 | Scout Tower |
| 23:28 | Scout Tower |
| 23:28 | Scout Tower |
| 23:29 | Scout Tower |
| 23:33 | Goblin Shredder |
| 23:43 | Flame Strike |
| 23:56 | Scout Tower |
| 23:56 | Scout Tower |
| 23:57 | Scout Tower |
| 23:57 | Scout Tower |
| 23:58 | Scout Tower |
| 23:59 | Scout Tower |
| 24:00 | Arcane Tower |
| 24:11 | Scout Tower |
| 24:11 | Scout Tower |
| 24:12 | Scout Tower |
| 24:12 | Scout Tower |
| 24:13 | Scout Tower |
| 24:13 | Scout Tower |
| 24:14 | Scout Tower |
| 24:14 | Scout Tower |
| 24:15 | Scout Tower |
| 24:15 | Scout Tower |
| 24:36 | Arcane Tower |
| 25:40 | Orb of Lightning |
| 25:42 | Orb of Lightning |
| 25:44 | Orb of Venom |
| 25:48 | Arcane Tower |
| 26:10 | Scout Tower |
| 26:16 | Scout Tower |
| 26:17 | Scout Tower |
| 26:18 | Scout Tower |
| 26:18 | Scout Tower |
| 26:20 | Scout Tower |
| 26:21 | Scout Tower |
| 26:21 | Scout Tower |
| 26:23 | Scout Tower |
| 26:24 | Scout Tower |
| 26:24 | Scout Tower |
| 26:25 | Scout Tower |
| 27:30 | Arcane Tower |
| 27:58 | Brilliance Aura |
| 28:06 | Cleaving Attack |
| 29:38 | Arcane Tower |
| 29:51 | Goblin Shredder |
| Right click | 886 |
| Select group | 393 |
| Select | 312 |
| Build/train/purchase | 146 |
| Use ability | 130 |
| Misc. action | 49 |
| Resource trade | 28 |
| Assign group | 17 |
| Minimap ping | 8 |
| Item give/drop | 5 |
| Esc | 4 |
| Remove unit | 1 |


| Healing Salve | 1 | 100 |
| Lesser Clarity Potion | 1 | 70 |
| Orb of Lightning | 2 | 750 |
| Boots of Speed | 2 | 500 |
| Staff of Teleportation | 2 | 300 |
| Staff of Sanctuary | 2 | 500 |
| Pendant of Energy | 1 | 300 |
| Ancient Janggo of Endurance | 1 | 500 |
| Ring of Regeneration | 1 | 300 |
| total: | 13 | 3320g |
| Peon | 19 | 1425 | / | 0 |
| Troll Batrider | 4 | 640 | / | 160 |
| Goblin Shredder | 1 | 375 | / | 100 |
| total: | 24 | 2440g | / | 260w |
| Watch Tower | 51 | 5610 | / | 4080 |
| Altar of Storms | 2 | 360 | / | 100 |
| Orc Burrow | 3 | 480 | / | 120 |
| War Mill | 1 | 205 | / | 0 |
| Voodoo Lounge | 4 | 520 | / | 120 |
| Great Hall | 2 | 770 | / | 370 |
| Beastiary | 5 | 725 | / | 700 |
| Stronghold | 1 | 315 | / | 190 |
| Fortress | 1 | 325 | / | 190 |
| total: | 68 | 8670g | / | 5490w |
| 0:02 | Peon |
| 0:03 | Peon |
| 0:05 | Altar of Storms |
| 0:19 | Orc Burrow |
| 0:26 | Peon |
| 0:42 | Peon |
| 0:50 | War Mill |
| 1:01 | Peon |
| 1:05 | Voodoo Lounge |
| 1:15 | Peon |
| 1:25 | Peon |
| 1:39 | Orc Burrow |
| 1:50 | Peon |
| 1:59 | Peon |
| 2:09 | Shockwave |
| 2:14 | Healing Salve |
| 2:20 | Watch Tower |
| 2:28 | Peon |
| 2:29 | Peon |
| 2:46 | Watch Tower |
| 2:52 | Watch Tower |
| 3:13 | Peon |
| 3:13 | Peon |
| 3:15 | Lesser Clarity Potion |
| 3:25 | Watch Tower |
| 4:08 | Boots of Speed |
| 4:17 | Stronghold |
| 4:24 | Watch Tower |
| 4:31 | Watch Tower |
| 5:09 | Endurance Aura |
| 5:37 | Great Hall |
| 5:43 | Watch Tower |
| 5:47 | Watch Tower |
| 6:36 | Watch Tower |
| 6:48 | Staff of Teleportation |
| 6:52 | Watch Tower |
| 6:53 | Watch Tower |
| 7:20 | Spiked Barricades |
| 7:20 | Reinforced Defenses |
| 7:41 | Hex |
| 7:50 | Fortress |
| 7:55 | Watch Tower |
| 7:57 | Watch Tower |
| 8:10 | Peon |
| 8:10 | Peon |
| 8:11 | Peon |
| 8:11 | Peon |
| 9:01 | Watch Tower |
| 9:04 | Watch Tower |
| 9:11 | Watch Tower |
| 9:14 | Watch Tower |
| 10:11 | Shockwave |
| 10:13 | Watch Tower |
| 10:15 | Watch Tower |
| 10:23 | Watch Tower |
| 10:25 | Watch Tower |
| 10:26 | Watch Tower |
| 10:30 | Beastiary |
| 10:32 | Beastiary |
| 10:39 | Healing Wave |
| 11:16 | Orc Burrow |
| 11:23 | Watch Tower |
| 11:27 | Beastiary |
| 11:31 | Watch Tower |
| 11:33 | Watch Tower |
| 12:00 | Goblin Shredder |
| 12:32 | Watch Tower |
| 12:47 | Orb of Lightning |
| 12:55 | Watch Tower |
| 12:57 | Voodoo Lounge |
| 13:06 | Beastiary |
| 13:13 | Boots of Speed |
| 13:17 | Voodoo Lounge |
| 13:26 | Watch Tower |
| 13:28 | Watch Tower |
| 13:35 | Watch Tower |
| 13:44 | Beastiary |
| 13:52 | Voodoo Lounge |
| 13:56 | Liquid Fire |
| 14:02 | Watch Tower |
| 14:10 | Staff of Sanctuary |
| 14:32 | Watch Tower |
| 14:39 | Watch Tower |
| 14:54 | Pendant of Energy |
| 15:04 | Ancient Janggo of Endurance |
| 15:17 | Watch Tower |
| 15:20 | Watch Tower |
| 15:46 | Watch Tower |
| 15:49 | Watch Tower |
| 15:57 | Orb of Lightning |
| 16:03 | Troll Batrider |
| 16:38 | Steel Ranged Weapons |
| 16:38 | Improved Spiked Barricades |
| 16:39 | Steel Armor |
| 16:42 | Troll Batrider |
| 16:48 | Watch Tower |
| 17:00 | Watch Tower |
| 17:02 | Watch Tower |
| 17:12 | Watch Tower |
| 17:30 | Staff of Teleportation |
| 17:46 | Ring of Regeneration |
| 18:00 | Staff of Sanctuary |
| 20:07 | Troll Batrider |
| 20:07 | Troll Batrider |
| 20:19 | Watch Tower |
| 20:21 | Watch Tower |
| 20:22 | Watch Tower |
| 21:03 | Watch Tower |
| 21:47 | Watch Tower |
| 21:50 | Altar of Storms |
| 22:58 | Endurance Aura |
| 23:33 | Thorium Ranged Weapons |
| 23:33 | Thorium Armor |
| 23:57 | Watch Tower |
| 25:20 | Watch Tower |
| 25:52 | Arcanite Ranged Weapons |
| 26:50 | Great Hall |
| 27:20 | Watch Tower |
| 28:10 | Healing Wave |
| 28:23 | Watch Tower |
| 29:26 | Peon |
| 29:27 | Peon |
| 29:29 | Watch Tower |
| Right click | 2075 |
| Select group | 461 |
| Select | 423 |
| Misc. action | 152 |
| Use ability | 61 |
| Build/train/purchase | 60 |
| Assign group | 8 |
| Item give/drop | 7 |
| Resource trade | 6 |
| Minimap ping | 4 |
| Esc | 3 |
142 units @ 19.1k
/ 2.8k
97 buildings @ 13.5k
/ 6.3k


| Lesser Clarity Potion | 8 | 560 |
| Scroll of Regeneration | 6 | 600 |
| Potion of Mana | 3 | 600 |
| Ivory Tower | 2 | 80 |
| Potion of Healing | 2 | 300 |
| Scroll of Town Portal | 2 | 700 |
| Boots of Speed | 3 | 750 |
| Circlet of Nobility | 1 | 175 |
| Potion of Lesser Invulnerability | 2 | 300 |
| Periapt of Vitality | 1 | 325 |
| total: | 30 | 4390g |
| Peasant | 10 | 750 | / | 0 |
| Footman | 6 | 810 | / | 0 |
| Knight | 1 | 245 | / | 60 |
| Mortar Team | 7 | 1260 | / | 490 |
| Goblin Shredder | 3 | 1125 | / | 300 |
| total: | 27 | 4190g | / | 850w |
| Scout Tower | 5 | 150 | / | 100 |
| Guard Tower | 7 | 490 | / | 350 |
| Altar of Kings | 1 | 180 | / | 50 |
| Farm | 14 | 1120 | / | 280 |
| Barracks | 4 | 640 | / | 240 |
| Arcane Vault | 1 | 130 | / | 30 |
| Lumber Mill | 1 | 120 | / | 0 |
| Town Hall | 1 | 385 | / | 205 |
| Blacksmith | 2 | 280 | / | 120 |
| Workshop | 7 | 980 | / | 980 |
| Keep | 2 | 640 | / | 420 |
| Castle | 2 | 720 | / | 420 |
| total: | 36 | 3985g | / | 2005w |
| 0:03 | Peasant |
| 0:03 | Peasant |
| 0:03 | Peasant |
| 0:03 | Peasant |
| 0:03 | Peasant |
| 0:19 | Altar of Kings |
| 0:36 | Farm |
| 0:49 | Barracks |
| 1:00 | Farm |
| 1:15 | Peasant |
| 1:16 | Peasant |
| 1:35 | Peasant |
| 1:35 | Peasant |
| 1:52 | Farm |
| 2:07 | Barracks |
| 2:11 | Footman |
| 2:19 | Storm Bolt |
| 2:24 | Farm |
| 2:32 | Farm |
| 2:38 | Footman |
| 2:42 | Arcane Vault |
| 2:47 | Lumber Mill |
| 3:00 | Footman |
| 3:09 | Footman |
| 3:23 | Footman |
| 4:08 | Thunder Clap |
| 4:22 | Town Hall |
| 4:36 | Lesser Clarity Potion |
| 4:36 | Lesser Clarity Potion |
| 4:36 | Scroll of Regeneration |
| 4:38 | Scroll of Regeneration |
| 4:40 | Footman |
| 4:56 | Farm |
| 5:30 | Goblin Shredder |
| 5:30 | Goblin Shredder |
| 5:45 | Storm Bolt |
| 6:04 | Keep |
| 6:06 | Lesser Clarity Potion |
| 6:07 | Scroll of Regeneration |
| 6:18 | Blacksmith |
| 6:39 | Goblin Shredder |
| 7:37 | Peasant |
| 7:41 | Blacksmith |
| 7:42 | Improved Masonry |
| 7:48 | Scout Tower |
| 7:49 | Scout Tower |
| 7:55 | Scout Tower |
| 7:55 | Scout Tower |
| 7:58 | Scout Tower |
| 8:17 | Lesser Clarity Potion |
| 8:21 | Guard Tower |
| 8:22 | Guard Tower |
| 8:26 | Castle |
| 8:33 | Boots of Speed |
| 8:33 | Circlet of Nobility |
| 8:34 | Potion of Lesser Invulnerability |
| 8:42 | Advanced Masonry |
| 8:46 | Iron Plating |
| 8:51 | Iron Forged Swords |
| 8:56 | Guard Tower |
| 9:25 | Barracks |
| 9:26 | Barracks |
| 9:29 | Workshop |
| 9:30 | Workshop |
| 9:55 | Thunder Clap |
| 10:09 | Scroll of Regeneration |
| 10:20 | Steel Plating |
| 10:20 | Steel Forged Swords |
| 11:06 | Holy Light |
| 11:18 | Farm |
| 11:18 | Farm |
| 11:19 | Farm |
| 11:20 | Farm |
| 11:22 | Flak Cannons |
| 11:37 | Imbued Masonry |
| 11:45 | Animal War Training |
| 11:45 | Sundering Blades |
| 11:47 | Boots of Speed |
| 11:48 | Boots of Speed |
| 11:52 | Scroll of Town Portal |
| 11:55 | Scroll of Town Portal |
| 12:08 | Workshop |
| 12:09 | Workshop |
| 12:18 | Workshop |
| 12:20 | Farm |
| 12:21 | Farm |
| 12:22 | Farm |
| 12:23 | Farm |
| 12:37 | Mithril Plating |
| 12:38 | Mithril Forged Swords |
| 12:44 | Knight |
| 12:49 | Lesser Clarity Potion |
| 12:51 | Potion of Mana |
| 13:22 | Black Gunpowder |
| 13:32 | Fragmentation Shards |
| 13:33 | Flare |
| 13:43 | Ivory Tower |
| 13:44 | Ivory Tower |
| 13:56 | Guard Tower |
| 14:08 | Studded Leather Armor |
| 14:20 | Mortar Team |
| 14:25 | Workshop |
| 14:26 | Workshop |
| 15:01 | Reinforced Leather Armor |
| 15:09 | Refined Gunpowder |
| 15:11 | Mortar Team |
| 15:18 | Mortar Team |
| 15:20 | Mortar Team |
| 15:57 | Mortar Team |
| 17:22 | Periapt of Vitality |
| 17:22 | Potion of Lesser Invulnerability |
| 18:47 | Devotion Aura |
| 19:40 | Imbued Gunpowder |
| 19:40 | Dragonhide Armor |
| 19:44 | Scroll of Regeneration |
| 19:47 | Lesser Clarity Potion |
| 19:52 | Lesser Clarity Potion |
| 19:54 | Potion of Mana |
| 19:58 | Potion of Mana |
| 21:00 | Mortar Team |
| 21:52 | Mortar Team |
| 21:54 | Scroll of Regeneration |
| 21:57 | Potion of Healing |
| 22:04 | Potion of Healing |
| 22:13 | Lesser Clarity Potion |
| 22:40 | Thunder Clap |
| Right click | 1154 |
| Select | 459 |
| Select group | 331 |
| Build/train/purchase | 158 |
| Use ability | 57 |
| Misc. action | 51 |
| Assign group | 27 |
| Item give/drop | 9 |
| Esc | 4 |


| Wisp | 23 | 1380 | / | 0 |
| Archer | 12 | 1560 | / | 120 |
| Hippogryph | 7 | 1120 | / | 140 |
| Chimaera | 9 | 2970 | / | 630 |
| Glaive Thrower | 2 | 420 | / | 130 |
| total: | 53 | 7450g | / | 1020w |
| Ancient Protector | 2 | 270 | / | 160 |
| Altar of Elders | 1 | 180 | / | 50 |
| Moon Well | 8 | 1440 | / | 320 |
| Ancient of War | 2 | 300 | / | 120 |
| Hunter's Hall | 1 | 210 | / | 100 |
| Tree of Life | 1 | 340 | / | 185 |
| Ancient of Wind | 2 | 300 | / | 280 |
| Chimaera Roost | 2 | 280 | / | 380 |
| Tree of Ages | 1 | 320 | / | 180 |
| Tree of Eternity | 2 | 660 | / | 400 |
| total: | 19 | 3320g | / | 1595w |
| 0:03 | Wisp |
| 0:03 | Wisp |
| 0:08 | Altar of Elders |
| 0:10 | Moon Well |
| 0:19 | Wisp |
| 0:20 | Wisp |
| 0:20 | Wisp |
| 0:30 | Wisp |
| 0:58 | Ancient of War |
| 1:06 | Wisp |
| 1:06 | Wisp |
| 1:07 | Wisp |
| 1:26 | Moon Well |
| 1:29 | Wisp |
| 1:29 | Wisp |
| 1:41 | Wisp |
| 1:41 | Wisp |
| 2:03 | Archer |
| 2:09 | Force of Nature |
| 2:16 | Moon Well |
| 2:25 | Archer |
| 2:25 | Archer |
| 2:38 | Archer |
| 3:12 | Archer |
| 3:23 | Moon Well |
| 3:35 | Archer |
| 3:46 | Hunter's Hall |
| 3:58 | Archer |
| 4:24 | Moon Well |
| 5:10 | Entangling Roots |
| 5:22 | Tree of Life |
| 5:41 | Archer |
| 5:41 | Archer |
| 5:45 | Moon Well |
| 5:50 | Tree of Ages |
| 6:00 | Strength of the Moon |
| 6:26 | Archer |
| 6:26 | Archer |
| 6:44 | Ancient of War |
| 7:01 | Force of Nature |
| 7:04 | Moon Armor |
| 7:27 | Wisp |
| 7:27 | Wisp |
| 7:27 | Wisp |
| 7:27 | Wisp |
| 7:27 | Wisp |
| 7:27 | Wisp |
| 8:04 | Archer |
| 8:11 | Tree of Eternity |
| 8:49 | Improved Strength of the Moon |
| 9:07 | Ancient of Wind |
| 9:10 | Ancient of Wind |
| 9:23 | Improved Bows |
| 9:39 | Trueshot Aura |
| 10:30 | Hippogryph |
| 10:30 | Hippogryph |
| 10:30 | Hippogryph |
| 10:31 | Hippogryph |
| 10:31 | Hippogryph |
| 10:31 | Hippogryph |
| 10:37 | Marksmanship |
| 10:56 | Advanced Strength of the Moon |
| 11:46 | Hippogryph |
| 11:51 | Improved Moon Armor |
| 11:53 | Ultravision |
| 12:46 | Chimaera Roost |
| 12:49 | Chimaera Roost |
| 12:52 | Moon Well |
| 12:55 | Moon Well |
| 12:57 | Wisp |
| 12:57 | Wisp |
| 12:57 | Wisp |
| 12:57 | Wisp |
| 13:39 | Ancient Protector |
| 13:46 | Ancient Protector |
| 14:12 | Corrosive Breath |
| 14:46 | Entangling Roots |
| 14:59 | Searing Arrows |
| 15:05 | Chimaera |
| 15:05 | Chimaera |
| 15:05 | Chimaera |
| 15:38 | Chimaera |
| 15:38 | Chimaera |
| 15:42 | Chimaera |
| 16:51 | Chimaera |
| 17:11 | Strength of the Wild |
| 17:11 | Advanced Moon Armor |
| 18:27 | Improved Strength of the Wild |
| 20:13 | Trueshot Aura |
| 20:39 | Vorpal Blades |
| 20:50 | Chimaera |
| 20:52 | Chimaera |
| 20:55 | Glaive Thrower |
| 20:56 | Glaive Thrower |
| Right click | 537 |
| Select | 381 |
| Select group | 194 |
| Build/train/purchase | 85 |
| Misc. action | 78 |
| Use ability | 21 |
| Assign group | 17 |
| Esc | 8 |
| Remove unit | 1 |

| Mechanical Critter | 2 | 100 |
| Scroll of Regeneration | 3 | 300 |
| total: | 5 | 400g |
| Peasant | 15 | 1125 | / | 0 |
| Siege Engine | 6 | 1170 | / | 360 |
| total: | 21 | 2295g | / | 360w |
| Altar of Kings | 1 | 180 | / | 50 |
| Farm | 15 | 1200 | / | 300 |
| Lumber Mill | 1 | 120 | / | 0 |
| Blacksmith | 1 | 140 | / | 60 |
| Arcane Vault | 1 | 130 | / | 30 |
| Town Hall | 2 | 770 | / | 410 |
| Workshop | 2 | 280 | / | 280 |
| Keep | 2 | 640 | / | 420 |
| Castle | 1 | 360 | / | 210 |
| total: | 23 | 2820g | / | 1130w |
| 0:07 | Peasant |
| 0:07 | Peasant |
| 0:10 | Altar of Kings |
| 0:15 | Peasant |
| 0:15 | Peasant |
| 0:34 | Farm |
| 1:07 | Farm |
| 1:17 | Farm |
| 1:20 | Peasant |
| 1:20 | Peasant |
| 1:20 | Peasant |
| 1:27 | Peasant |
| 1:27 | Peasant |
| 1:49 | Farm |
| 2:12 | Summon Water Elemental |
| 2:22 | Keep |
| 2:34 | Lumber Mill |
| 2:55 | Farm |
| 3:20 | Farm |
| 3:36 | Blacksmith |
| 4:00 | Farm |
| 4:36 | Brilliance Aura |
| 5:01 | Workshop |
| 5:04 | Workshop |
| 5:09 | Farm |
| 5:18 | Arcane Vault |
| 5:46 | Castle |
| 6:03 | Farm |
| 6:05 | Farm |
| 6:28 | Mechanical Critter |
| 6:29 | Mechanical Critter |
| 6:46 | Scroll of Regeneration |
| 6:55 | Improved Lumber Harvesting |
| 7:05 | Black Gunpowder |
| 7:20 | Iron Plating |
| 7:47 | Farm |
| 8:09 | Barrage |
| 8:10 | Siege Engine |
| 8:12 | Siege Engine |
| 8:12 | Siege Engine |
| 8:39 | Advanced Lumber Harvesting |
| 8:42 | Refined Gunpowder |
| 8:52 | Farm |
| 8:53 | Farm |
| 8:54 | Farm |
| 9:21 | Siege Engine |
| 9:38 | Farm |
| 11:52 | Siege Engine |
| 11:52 | Siege Engine |
| 12:02 | Scroll of Regeneration |
| 12:23 | Imbued Gunpowder |
| 12:24 | Steel Plating |
| 13:15 | Peasant |
| 13:15 | Peasant |
| 13:15 | Peasant |
| 13:15 | Peasant |
| 13:16 | Peasant |
| 13:28 | Summon Water Elemental |
| 13:33 | Scroll of Regeneration |
| 14:21 | Peasant |
| 15:11 | Mithril Plating |
| 16:33 | Town Hall |
| 16:41 | Town Hall |
| Right click | 453 |
| Select | 303 |
| Build/train/purchase | 59 |
| Use ability | 3 |
| Minimap ping | 3 |
| Remove unit | 2 |
| Misc. action | 1 |



| Wisp | 18 | 1080 | / | 0 |
| Archer | 10 | 1300 | / | 100 |
| Hippogryph | 9 | 1440 | / | 180 |
| Chimaera | 4 | 1320 | / | 280 |
| total: | 41 | 5140g | / | 560w |
| Altar of Elders | 1 | 180 | / | 50 |
| Moon Well | 8 | 1440 | / | 320 |
| Ancient of War | 2 | 300 | / | 120 |
| Hunter's Hall | 2 | 420 | / | 200 |
| Ancient of Wonders | 1 | 90 | / | 30 |
| Tree of Life | 1 | 340 | / | 185 |
| Ancient of Wind | 2 | 300 | / | 280 |
| Chimaera Roost | 2 | 280 | / | 380 |
| Tree of Ages | 1 | 320 | / | 180 |
| Tree of Eternity | 1 | 330 | / | 200 |
| total: | 19 | 3350g | / | 1565w |
| 0:05 | Altar of Elders |
| 0:08 | Moon Well |
| 0:10 | Wisp |
| 0:10 | Wisp |
| 0:29 | Wisp |
| 0:39 | Wisp |
| 0:56 | Ancient of War |
| 1:04 | Wisp |
| 1:05 | Wisp |
| 1:20 | Wisp |
| 1:39 | Moon Well |
| 1:42 | Wisp |
| 1:58 | Wisp |
| 2:00 | Archer |
| 2:10 | Evasion |
| 2:21 | Hunter's Hall |
| 2:34 | Archer |
| 2:38 | Ancient of Wonders |
| 2:42 | Wisp |
| 2:48 | Archer |
| 3:22 | Archer |
| 3:29 | Moon Well |
| 3:34 | Archer |
| 4:05 | Tree of Ages |
| 4:23 | Mana Burn |
| 4:26 | Moon Well |
| 4:28 | Archer |
| 4:40 | Strength of the Moon |
| 5:43 | Tree of Life |
| 6:01 | Evasion |
| 6:13 | Archer |
| 6:18 | Archer |
| 6:24 | Moon Armor |
| 6:30 | Ancient of Wind |
| 6:33 | Wisp |
| 6:33 | Wisp |
| 7:31 | Ancient of Wind |
| 7:43 | Ancient of War |
| 7:46 | Wisp |
| 7:47 | Hippogryph |
| 7:53 | Wisp |
| 7:57 | Trueshot Aura |
| 8:01 | Wisp |
| 8:12 | Wisp |
| 8:12 | Wisp |
| 8:27 | Hippogryph |
| 8:41 | Wisp |
| 8:48 | Hippogryph |
| 9:07 | Hippogryph |
| 9:08 | Hippogryph |
| 9:24 | Moon Well |
| 9:27 | Archer |
| 9:35 | Hippogryph |
| 9:39 | Improved Bows |
| 9:57 | Hippogryph |
| 10:05 | Hippogryph |
| 10:24 | Moon Well |
| 11:16 | Archer |
| 11:19 | Moon Well |
| 11:21 | Hippogryph |
| 11:24 | Improved Strength of the Moon |
| 11:47 | Tree of Eternity |
| 12:12 | Moon Well |
| 13:19 | Strength of the Wild |
| 13:19 | Reinforced Hides |
| 13:54 | Improved Moon Armor |
| 14:29 | Chimaera Roost |
| 14:34 | Chimaera Roost |
| 14:52 | Hunter's Hall |
| 15:03 | Searing Arrows |
| 16:02 | Corrosive Breath |
| 16:03 | Chimaera |
| 16:08 | Improved Strength of the Wild |
| 16:11 | Chimaera |
| 16:12 | Chimaera |
| 16:15 | Thorns Aura |
| 16:45 | Chimaera |
| 16:48 | Improved Reinforced Hides |
| 17:31 | Advanced Strength of the Wild |
| 18:23 | Advanced Reinforced Hides |
| Right click | 516 |
| Select | 406 |
| Misc. action | 72 |
| Build/train/purchase | 72 |
| Minimap ping | 1 |
⇛